AoeStats
← Dani_AOE2

Arabia

509349382Analyzed
1v1 RM · 6d ago on Sep 26, 2026· 56m 38s· 2 players
Game mode
Random Map
Map size
Tiny (2 player)
Population
200
Speed
Normal
Resources
Standard
Victory
Conquest
Starting age
Dark Age
Ending age
Imperial Age
RankedLock teamsTeams togetherTeam positionsShared explorationLock speedFull tech treeHidden civsTurbo modeCheats
Victory
Defeat
🇳🇱 Cumans · Netherlands
1481
+19
🇮🇹 Britons · Italy
1543
-19
Dani_AOE2
6:45 Loom
9:10 Feudal Age
10:52 Horse Collar
19:08 Fletching
23:20 Castle Age
22:22 Padded Archer Armor
22:39 Gold Mining
23:01 Scale Barding Armor
23:45 Forging
23:47 Bloodlines
27:02 Chain Barding Armor
30:22 Town Watch
32:41 Iron Casting
38:55 Wheelbarrow
42:04 Imperial Age
42:14 Imperial Age
39:54 Double-Bit Axe
40:25 Bodkin Arrow
41:16 Bow Saw
42:44 Padded Archer Armor
42:20 Cavalier
43:44 Plate Barding Armor
44:14 Paladin
46:04 Hoardings
46:21 Conscription
47:33 Ballistics
48:14 Chemistry
47:49 Elite Kipchak
49:10 Hand Cart
50:03 Steppe Husbandry
49:24 Light Cavalry
50:41 Masonry
54:09 Gold Shaft Mining
54:49 Cuman Mercenaries
55:58 Capped Ram
56:15 Hussar
trottadavide92
9:09 Loom
11:02 Feudal Age
14:54 Castle Age
13:10 Double-Bit Axe
14:31 Fletching
16:12 Crossbowman
18:45 Padded Archer Armor
18:52 Bodkin Arrow
21:07 Padded Archer Armor
22:55 Leather Archer Armor
27:11 Bow Saw
32:04 Ballistics
34:17 Pikeman
34:58 Squires
34:43 Arson
42:13 Imperial Age
43:06 Bracer
44:42 Elite Longbowman
46:13 Halberdier
46:57 Scale Mail Armor
47:07 Forging
49:42 Chemistry
50:51 Yeomen
52:02 Two-Man Saw
51:35 Ring Archer Armor
52:12 Wheelbarrow
51:23 Town Watch
51:57 Chain Mail Armor
55:44 Plate Mail Armor
Connection lost

Rejoining the realm…

Still unreachable

The connection could not be restored.

Session expired

The server has moved on; the page needs a fresh start.